 Dungeon Crawl Stone Soup version 0.30-a0-1082-g70414cbcbb (webtiles) character file.

Game seed: 3123828737189709101

35 tilp the Digger (level 3, -1/28 HPs)
             Began as a Meteoran Earth Elementalist on Apr 15, 2023.
             Slain by Terence
             ... wielding a +0 flail
              (2 damage)
             ... on level 4 of the Dungeon.
             The game lasted 00:03:06 (374 turns).

tilp the Digger (Meteoran Earth Elementalist)        Turns: 374, Time: 00:03:07

Health: -1/28      AC:  3    Str:  9    XL:     3   Next: 79%
Magic:  0/8        EV: 13    Int: 18    God:
Gold:   29         SH:  0    Dex: 15    Spells: 4/8 levels left

rFire   . . .      SeeInvis .    a - +0 whip
rCold   . . .      Faith    .    (no shield)
rNeg    . . .      Spirit   .    f - +0 robe
rPois   .          Reflect  .    h - +0 helmet
rElec   .          Rampage  .    (no cloak)
rCorr   .                        (no gloves)
Will    .....                    (no boots)
Stlth   +                        (no amulet)
HPRegen 0.24/turn                (no ring)
MPRegen 0.11/turn                (no ring)

@: glowing
A: sense surroundings 1, otherworldly, glowing, explore regen
a: no special abilities


You were on level 4 of the Dungeon.
You visited 1 branch of the dungeon, and saw 4 of its levels.

You collected 29 gold pieces.

Inventory:

Hand Weapons
 a - a +0 whip (weapon)
Missiles
 g - 12 stones
Armour
 f - a +0 robe (worn)
 h - a +0 helmet (worn)
 i - an orb of mayhem
Scrolls
 c - a scroll of fear
 e - 2 scrolls of teleportation
Potions
 b - a potion of magic


   Skills:
 * Level 1.6 Fighting
 + Level 0.8 Maces & Flails
 + Level 2.8 Dodging
 + Level 1.7 Stealth
 - Level 3.0 Spellcasting
 - Level 1.2 Transmutations
 + Level 3.9 Earth Magic


You had 4 spell levels left.
You knew the following spells:

 Your Spells              Type           Power      Damage    Failure   Level
a - Sandblast             Erth           32%        2d9       3%          1
b - Stone Arrow           Conj/Erth      18%        3d8       22%         3

Your spell library contained the following spells:

 Spells                   Type           Power      Damage    Failure   Level
 Passwall                 Tmut/Erth      9%         N/A       9%          2
 Petrify                  Tmut/Erth      11%        N/A       50%         4


Dungeon Overview and Level Annotations

Branches:
Dungeon (4/15) Zot: 2006
 Temple: D:4-7

Altars:

Shops:
D:1 (

Annotations:
D:4 Terence


Innate Abilities, Weirdness & Mutations

You passively map a small area around you.
You are easily found by Zot.
You glow in the dark.
You regain HP and MP as you explore.


Message History

Aim: Terence, wielding a +0 flail and wearing a +0 chain mail (moderately wounded, 87% to hit)
The blast of sand hits Terence but does no damage.
Terence is moderately wounded.
Terence barely misses you. x2
Casting: Sandblast (safe; 3% risk of failure)
Confirm with . or Enter, or press ? or * to list all spells.
Aiming: Sandblast (safe; 3% risk of failure)
Press: ? - help, Shift-Dir - straight line, f/p - Terence
Aim: Terence, wielding a +0 flail and wearing a +0 chain mail (moderately wounded, 87% to hit)
The blast of sand hits Terence but does no damage.
Terence is moderately wounded.
Terence barely misses you.
Okay, then.
Casting: Sandblast (safe; 3% risk of failure)
Confirm with . or Enter, or press ? or * to list all spells.
Aiming: Sandblast (safe; 3% risk of failure)
Press: ? - help, Shift-Dir - straight line, f/p - Terence
Aim: Terence, wielding a +0 flail and wearing a +0 chain mail (moderately wounded, 87% to hit)
The blast of sand hits Terence.
Terence is severely wounded.
Terence completely misses you. Terence barely misses you.
Casting: Sandblast (safe; 3% risk of failure)
Confirm with . or Enter, or press ? or * to list all spells.
Aiming: Sandblast (safe; 3% risk of failure)
Press: ? - help, Shift-Dir - straight line, f/p - Terence
Aim: Terence, wielding a +0 flail and wearing a +0 chain mail (severely wounded, 87% to hit)
The blast of sand hits Terence but does no damage.
Terence is severely wounded.
Terence misses you.
Casting: Sandblast (safe; 3% risk of failure)
Confirm with . or Enter, or press ? or * to list all spells.
Aiming: Sandblast (safe; 3% risk of failure)
Press: ? - help, Shift-Dir - straight line, f/p - Terence
Aim: Terence, wielding a +0 flail and wearing a +0 chain mail (severely wounded, 87% to hit)
The blast of sand hits Terence but does no damage.
Terence is severely wounded.
Terence hits you with a +0 flail.
* * * LOW HITPOINT WARNING * * *
Terence hits you with a +0 flail.
You die...

#.#.##### ## ,
#......<# .
###.#...#.# ,
, ###.##..#.#
* ,
..........#, *
.##.##..##>..#
# #...# .... ,
,##.#.#, ### ,
,#...@# , * *
,, ......#@# ,
* #.....#.# *
, , ......#.#
#........ #...
#.., * * ##.#,
#.. * #... , ,
*


You could see Terence.

Vanquished Creatures
  An adder (D:3)
  2 worms (D:2)
  4 ball pythons
  A goblin (D:2)
  A hobgoblin (D:3)
  2 jackals (D:1)
  2 quokkas (D:2)
  A bat (D:2)
  A frilled lizard (D:1)
  2 kobolds
  3 rats
20 creatures vanquished.

Notes
Turn   | Place    | Note
-------+----------+-------------------------------------------
     0 | D:1      | tilp the Meteoran Earth Elementalist began the quest for
                  | the Orb.
     0 | D:1      | Reached XP level 1. HP: 14/14 MP: 5/5
    17 | D:1      | Found Vagexax's Antique Weapon Boutique.
   138 | D:2      | Reached XP level 2. HP: 22/22 MP: 2/6
   139 | D:2      | Reached skill level 1 in Fighting
   282 | D:2      | Reached XP level 3. HP: 28/28 MP: 2/8
   286 | D:2      | Learned a level 3 spell: Stone Arrow
   311 | D:3      | Found a faded altar of an unknown god.
   363 | D:3      | Noticed Terence
   374 | D:4      | HP: 1/28 [Terence/+0 flail (3)]
   374 | D:4      | Slain by Terence

Illustrated notes

Levels and vault maps discovered:
D:1:      dpeg_arrival_pits, layout_basic, serial_shops, nicolae_shop_trees,
          lexackson_kobold_supper
D:2:      layout_basic, basic_altar, uniq_crazy_yiuf_cottage
D:3:      layout_loops_ring, general_overflow_altar,
          nicolae_ecumenical_snake_handling, nicolae_shop_vocational,
          uniq_natasha, uniq_terence
D:4:      minmay_polygon_palace, layout_basic, marbit_many_paths,
          minmay_manual_mess

Skill      XL: |  1  2 |
---------------+-------+-----
Fighting       | 1 |  1.6
Spellcasting   | 3 |  3.0
Maces & Flails | |  0.8
Dodging        | |  2.8
Stealth        | |  1.7
Transmutations | |  1.2
Earth Magic    | |  3.9

Action                     || total
---------------------------++-------
  Melee: Dagger            ||     1
   Cast: Sandblast         ||    39
    Use: Scroll            ||     2
 Armour: Robe              ||     1
  Dodge: Dodged            ||    15

Table legend: (Time is in decaauts)
 A = Elapsed time spent in this place.
 B = Non-inter-level travel time spent in this place.
 C = Inter-level travel time spent in this place.
 D = Time resting spent in this place.
 E = Time spent auto-exploring this place.
 F = Levels seen in this place.
 G = Mean time per level.
                   A        B        C        D        E       F      G
               +--------+--------+--------+--------+--------+-----+--------+
         Total |    392 |    360 |     32 |      0 |     17 |   4 |   98.0 |
       Dungeon |    392 |    360 |     32 |      0 |     17 |   4 |   98.0 |
               +--------+--------+--------+--------+--------+-----+--------+

Top non-repeatable levels by time:
     D:2: 190 daAuts
     D:3: 114 daAuts
     D:1: 65 daAuts
     D:4: 22 daAuts
